 Dungeon Crawl Stone Soup version 0.23.2-40-g277498a001 (webtiles) character file.

Game seed: 4367096529490731666

2793 Amplified the Stinger (level 9, -3/68 HPs)
             Began as a Gnoll Wanderer on Oct 4, 2019.
             Was an Initiate of Ashenzari.
             Slain by Erica
             ... wielding a +2 scimitar of flaming
              (6 damage)
             ... on level 9 of the Dungeon.
             The game lasted 00:12:58 (10356 turns).

Amplified the Stinger (Gnoll Wanderer)             Turns: 10356, Time: 00:12:58

Health: -3/68      AC:  7    Str: 14    XL:     9   Next: 71%
Magic:  17/17      EV: 15    Int: 20    God:    Ashenzari [......]
Gold:   600        SH:  0    Dex: 18    Spells: 12/19 levels left

rFire    . . .     SeeInvis .   q - +2 battleaxe (pain)
rCold    + . .     Gourm    .   (shield currently unavailable)
rNeg     . . .     Faith    .   n - +0 ring mail
rPois    .         Spirit   .   (no helmet)
rElec    .         Reflect  .   (no cloak)
rCorr    .         Harm     .   (no gloves)
MR       .....                  h - +0 pair of boots
Stlth    +++.......             l - amulet of the acrobat (curse)
HPRegen  0.21/turn              d - +5 ring of dexterity
MPRegen  0.15/turn              o - ring of protection from cold

@: lethally poisoned (-3 -> -7)
A: distributed training, fangs 1, strong nose
a: Curse Item, Renounce Religion


You were on level 9 of the Dungeon.
You worshipped Ashenzari.
Ashenzari was noncommittal.
You were not hungry.

You visited 2 branches of the dungeon, and saw 10 of its levels.

You collected 600 gold pieces.

Inventory:

Hand Weapons
 a - a +2 dagger
 q - a +2 battleaxe of pain (weapon)
Missiles
 g - 38 poisoned needles
Armour
 c - a +0 chain mail
 e - a +0 robe
 h - a +0 pair of boots (worn)
 n - a +0 ring mail (worn)
Jewellery
 d - a +5 ring of dexterity (left hand)
 l - a cursed amulet of the acrobat (around neck)
 o - a ring of protection from cold (right hand)
Scrolls
 i - 2 scrolls of magic mapping
 k - 3 scrolls of remove curse
 p - a scroll of amnesia
 v - a scroll of fog
Potions
 j - 3 potions of magic
 m - 5 potions of flight
 w - a potion of brilliance
Comestibles
 f - 12 rations


   Skills:
 + Level 5.1 Fighting
 + Level 5.1 Short Blades
 + Level 5.1 Long Blades
 + Level 5.1 Axes
 + Level 5.1 Maces & Flails
 + Level 5.1 Polearms
 + Level 5.1 Staves
 + Level 5.1 Slings
 + Level 5.1 Bows
 + Level 5.1 Crossbows
 + Level 5.1 Throwing
 + Level 5.1 Armour
 + Level 6.9 Dodging
 + Level 6.6 Stealth
 + Level 5.1 Shields
 + Level 5.8 Unarmed Combat
 + Level 5.9 Spellcasting
 + Level 4.2 Conjurations
 + Level 4.2 Hexes
 + Level 4.2 Charms
 + Level 4.2 Summonings
 + Level 4.2 Necromancy
 + Level 4.2 Translocations
 + Level 4.7 Transmutations
 + Level 4.2 Fire Magic
 + Level 4.2 Ice Magic
 + Level 4.2 Air Magic
 + Level 4.2 Earth Magic
 + Level 7.0 Poison Magic
 + Level 5.6 Invocations
 + Level 5.1 Evocations


You had 12 spell levels left.
You knew the following spells:

 Your Spells              Type           Power        Failure   Level  Hunger
a - Flame Tongue          Conj/Fire      ###..        3%          1    None
b - Conjure Flame         Conj/Fire      ###.....     11%         3    ##.....
c - Mephitic Cloud        Conj/Pois/Air  ####....     8%          3    ##.....

Your spell library contained the following spells:

 Spells                   Type           Power        Failure   Level  Hunger
 Sting                    Conj/Pois      ####         1%          1    None
 Poisonous Vapours        Pois/Air       ####..       3%          2    None
 Olgreb's Toxic Radiance  Pois           ####....     11%         4    ####...
 Venom Bolt               Conj/Pois      ####......   50%         5    #####..


Dungeon Overview and Level Annotations

Branches:
Dungeon (9/15)             Temple (1/1) D:4             Orc (0/2) D:9
   Lair: D:8-11

Altars:
Ashenzari
Cheibriados
Dithmenos
Elyvilon
Fedhas
Gozag
Kikubaaqudgha
Nemelex Xobeh
Okawaru
Qazlal
Ru
Sif Muna
Trog
Uskayaw
Vehumet
Wu Jian
Xom
Yredelemnul
Zin
The Shining One

Annotations:
D:9 Erica


Innate Abilities, Weirdness & Mutations

Your experience applies equally to all skills.
You have very sharp teeth.
Your uncanny sense of smell can sniff out nearby items.


Message History

Unknown command.
You barely miss something.
You feel sick.
You hear some strange, mumbled words.
Something tries to affect you, but you resist.
Something hits you!
* * * LOW HITPOINT WARNING * * *
Something burns you.
* * * LOW HITPOINT WARNING * * *
You slash something!
You feel sick. Something hits you!
* * * LOW HITPOINT WARNING * * *
Something burns you.
* * * LOW HITPOINT WARNING * * *
Unknown command.
Unknown command.
Okay, then.
Okay, then.
You barely miss something. You bite something.
* * * LOW HITPOINT WARNING * * *
You feel sick. Something hits you.
You die...

#######'##..##...+....#..#.
##..######...#....#.^#.
#...#...##...#....#..##
#...#...#.........#..##
#...#...#....>....#..##
#...'...#....#....#..'.
##..##..######....#..#.
#+####'#....y....#..#.
+.@.#.(.......#+###
#.{.#.......y.#..##
#...'..(......#..#.
#####'#.........#..##
#...............#..##
#...............#'###
#...........)y..#..##
#...............#....
.######.........#..##


There were no monsters in sight!

Vanquished Creatures
  A hippogriff (D:7)
  A hungry ghost (D:8)
  2 orc warriors (D:8)
  4 ogres
  A centaur (D:8)
  Blork the orc (D:4)
  A big kobold (D:6)
  6 bullfrogs
  5 scorpions
  A killer bee (D:9)
  5 howler monkeys
  A crimson imp (D:4)
  A bullfrog zombie (D:4)
  A bullfrog skeleton (D:5)
  5 jellies
  4 hounds
  An orc priest (D:5)
  A centaur skeleton (D:4)
  2 orc wizards (D:8)
  2 iguanas
  6 worker ants
  A hound skeleton (D:8)
  A worker ant zombie (D:5)
  5 adders
  A shadow imp (D:8)
  5 oozes (D:8)
  3 worms (D:2)
  A dart slug (D:1)
  3 leopard geckos
  16 orcs
  A bat (D:1)
  6 giant cockroaches
  6 goblins
  10 hobgoblins
  3 jackals (D:6)
  3 quokkas
  5 frilled lizards
  10 kobolds
  A leopard gecko skeleton (D:4)
  11 rats
144 creatures vanquished.

Notes
Turn   | Place    | Note
-------+----------+-------------------------------------------
     0 | D:1      | Amplified the Gnoll Wanderer began the quest for the Orb.
     0 | D:1      | Amplified set off with the following items: a +2 dagger, a
                  | scroll of blinking, a scroll of teleportation, a +0 robe, a
                  | ration; and the following spell memorised: Flame Tongue;
                  | and the following spells available to memorise: Conjure
                  | Flame
     0 | D:1      | Reached XP level 1. HP: 13/13 MP: 4/4
   179 | D:1      | Reached XP level 2. HP: 19/19 MP: 5/5
  1008 | D:1      | Reached XP level 3. HP: 13/25 MP: 7/7
  1235 | D:2      | Reached skill level 5 in Dodging
  1235 | D:2      | Reached skill level 5 in Stealth
  1235 | D:2      | Reached skill level 6 in Poison Magic
  1235 | D:2      | Reached XP level 4. HP: 36/36 MP: 7/10
  1327 | D:2      | Found a blossoming altar of Fedhas.
  1909 | D:2      | Noticed a moth of wrath
  1928 | D:2      | Found a bloodstained altar of Trog.
  2681 | D:3      | Learned a level 3 spell: Conjure Flame
  2692 | D:3      | Reached XP level 5. HP: 24/42 MP: 12/12
  2983 | D:3      | Found a faded altar of an unknown god.
  3557 | D:4      | Noticed Blork the orc
  3740 | D:4      | Reached XP level 6. HP: 44/48 MP: 13/13
  4009 | D:5      | Entered Level 5 of the Dungeon
  4189 | D:5      | Reached XP level 7. HP: 49/53 MP: 14/14
  4498 | D:4      | Reached skill level 5 in Spellcasting
  4582 | D:4      | Found a sacrificial altar of Ru.
  4870 | D:4      | Found a staircase to the Ecumenical Temple.
  5569 | D:6      | Learned a level 3 spell: Mephitic Cloud
  5752 | D:6      | Reached skill level 5 in Unarmed Combat
  6161 | D:5      | Reached XP level 8. HP: 60/60 MP: 5/15
  7083 | D:7      | Noticed a hippogriff
  7091 | D:7      | Killed a hippogriff
  7311 | D:7      | Reached skill level 5 in Invocations
  7399 | D:8      | Found a sacrificial altar of Ru.
  7472 | D:8      | Reached XP level 9. HP: 50/66 MP: 17/17
  7476 | D:8      | Found a glowing golden altar of the Shining One.
  7478 | D:8      | Found a sparkling altar of Nemelex Xobeh.
  8399 | D:8      | Reached skill level 5 in Fighting
  8399 | D:8      | Reached skill level 5 in Short Blades
  8399 | D:8      | Reached skill level 5 in Long Blades
  8399 | D:8      | Reached skill level 5 in Axes
  8399 | D:8      | Reached skill level 5 in Maces & Flails
  8399 | D:8      | Reached skill level 5 in Polearms
  8399 | D:8      | Reached skill level 5 in Staves
  8399 | D:8      | Reached skill level 5 in Slings
  8399 | D:8      | Reached skill level 5 in Bows
  8399 | D:8      | Reached skill level 5 in Crossbows
  8399 | D:8      | Reached skill level 5 in Throwing
  8399 | D:8      | Reached skill level 5 in Armour
  8399 | D:8      | Reached skill level 5 in Shields
  8399 | D:8      | Reached skill level 5 in Evocations
  8941 | D:4      | Killed Blork the orc
  9050 | D:4      | Reached skill level 7 in Poison Magic
  9139 | Temple   | Entered the Ecumenical Temple
  9290 | Temple   | Became a worshipper of Ashenzari the Shackled
  9754 | D:9      | Found a staircase to the Orcish Mines.
 10346 | D:9      | Noticed Erica
 10355 | D:9      | HP: 3/68 [something (4)]
 10356 | D:9      | Slain by Erica

Skill      XL: |  1  2  3  4  5  6  7  8  9 |
---------------+----------------------------+-----
Transmutations | 2 3 4 |  4.7
Fighting       | 3 4 5 |  5.1
Short Blades   | 3 4 5 |  5.1
Long Blades    | 3 4 5 |  5.1
Axes           | 3 4 5 |  5.1
Maces & Flails | 3 4 5 |  5.1
Polearms       | 3 4 5 |  5.1
Staves         | 3 4 5 |  5.1
Slings         | 3 4 5 |  5.1
Bows           | 3 4 5 |  5.1
Crossbows      | 3 4 5 |  5.1
Throwing       | 3 4 5 |  5.1
Armour         | 3 4 5 |  5.1
Dodging        | 5 6 |  6.9
Stealth        | 5 6 |  6.6
Shields        | 3 4 5 |  5.1
Unarmed Combat | 4 5 |  5.8
Spellcasting   | 4 5 |  5.9
Conjurations   | 3 4 |  4.2
Hexes          | 3 4 |  4.2
Charms         | 3 4 |  4.2
Summonings     | 3 4 |  4.2
Necromancy     | 3 4 |  4.2
Translocations | 3 4 |  4.2
Fire Magic     | 3 4 |  4.2
Ice Magic      | 3 4 |  4.2
Air Magic      | 3 4 |  4.2
Earth Magic    | 3 4 |  4.2
Poison Magic   | 6 7 |  7.0
Invocations    | 4 5 |  5.6
Evocations     | 3 4 5 |  5.1

Action                   |  1- 3 |  4- 6 |  7- 9 || total
-------------------------+-------+-------+-------++-------
Melee: Unarmed           |    89 |   215 |   490 ||   794
       Bite              |     7 |    29 |    57 ||    93
       Punch             |       |     8 |    12 ||    20
       Battleaxe         |       |       |    34 ||    34
 Cast: Flame Tongue      |       |       |     8 ||     8
       Mephitic Cloud    |       |       |     4 ||     4
       Conjure Flame     |       |       |     1 ||     1
Invok: Curse Item        |       |       |     1 ||     1
Evoke: Wand              |       |       |     4 ||     4
  Use: Scroll            |     4 |     6 |    12 ||    22
       Potion            |     2 |     7 |     5 ||    14
 Stab: Sleeping          |     4 |     5 |    13 ||    22
       Distracted        |       |     1 |     3 ||     4
       Invisible         |       |     2 |     3 ||     5
       Confused          |       |       |     5 ||     5
  Eat: Chunk             |       |     4 |    12 ||    16
       Ration            |       |     2 |     4 ||     6
Armor: Robe              |    11 |    10 |       ||    21
       Ring mail         |       |    14 |   121 ||   135
Dodge: Dodged            |    66 |   133 |   396 ||   595
